 Dungeon Crawl Stone Soup version 0.23.0-3-gf3c87f2 (webtiles) character file.

Game seed: 18140852506347172239

1017 Ward the Chopper (level 8, 0/69 HPs)
             Began as a Minotaur Fighter on Feb 23, 2019.
             Was an Initiate of Okawaru.
             Slain by an orc warrior
             ... wielding a +0 dire flail
              (12 damage)
             ... on level 5 of the Dungeon.
             The game lasted 00:29:04 (6724 turns).

Ward the Chopper (Minotaur Fighter)                 Turns: 6724, Time: 00:29:05

Health: 0/69       AC:  7    Str: 23    XL:     8   Next: 2%
Magic:  16/16      EV:  9    Int:  5    God:    Okawaru [......]
Gold:   201        SH: 10    Dex: 10    Spells: 7/7 levels left

rFire    . . .     SeeInvis .   a - +0 war axe
rCold    + . .     Gourm    .   c - +0 shield
rNeg     . . .     Faith    .   l - +0 scale mail
rPois    .         Spirit   .   (helmet restricted)
rElec    .         Reflect  .   (no cloak)
rCorr    .         Harm     .   (no gloves)
MR       .....                  (no boots)
Stlth    ..........             (no amulet)
HPRegen  0.21/turn              u - ring of protection from cold
MPRegen  0.15/turn              s - ring of magical power (curse)

@: no status effects
A: retaliatory headbutt, horns 2
a: Renounce Religion


You were on level 5 of the Dungeon.
You worshipped Okawaru.
Okawaru was noncommittal.
You were near starving.

You visited 2 branches of the dungeon, and saw 7 of its levels.
You also visited: Sewer.

You collected 201 gold pieces.

Inventory:

Hand Weapons
 a - a +0 war axe (weapon)
Missiles
 t - a tomahawk of returning (quivered)
Armour
 b - a +0 scale mail
 c - a +0 shield (worn)
 l - a +0 scale mail (worn)
Jewellery
 h - an uncursed ring of protection from fire
 s - a cursed ring of magical power (right hand)
 u - a ring of protection from cold (left hand)
 v - an uncursed ring of protection from magic {unknown}
Wands
 e - a wand of disintegration (11)
Scrolls
 j - 6 scrolls of identify {unknown}
 m - 4 scrolls of remove curse {unknown}
 n - a scroll of magic mapping {unknown}
 o - 2 scrolls of random uselessness {unknown}
 p - 8 scrolls of teleportation {unknown}
 q - 3 scrolls of amnesia {unknown}
 r - a scroll of fog {unknown}
 w - a scroll of fear
 y - a scroll of enchant weapon {unknown}
 A - 2 scrolls of blinking {unknown}
Potions
 d - a potion of might
 i - a potion of brilliance
 k - a potion of ambrosia
 x - a potion of flight
 z - a potion of heal wounds {unknown}
Comestibles
 f - 6 rations


   Skills:
 + Level 5.5 Fighting
 + Level 6.9 Axes
 + Level 0.1 Throwing
 + Level 5.8 Armour
 + Level 2.5 Dodging
 + Level 0.5 Stealth
 + Level 6.5 Shields


You had 7 spell levels left.
You didn't know any spells.
Your spell library was empty.

Dungeon Overview and Level Annotations

Branches:
Dungeon (6/15)             Temple (1/1) D:4

Altars:
Ashenzari
Cheibriados
Dithmenos
Elyvilon
Fedhas
Gozag
Kikubaaqudgha
Makhleb
Nemelex Xobeh
Okawaru
Qazlal
Ru
Sif Muna
Trog
Vehumet
Wu Jian
Xom
Zin
The Shining One


Innate Abilities, Weirdness & Mutations

You reflexively headbutt those who attack you in melee.
You have a pair of horns on your head.


Message History

The orc warrior is severely wounded.
The orc warrior hits you with a +0 dire flail!
* * * LOW HITPOINT WARNING * * *
You hit the orc warrior.
The orc warrior is severely wounded.
You block the orc warrior's attack.
You hit the orc warrior.
The orc warrior is almost dead.
You block the orc warrior's attack.
You hit the orc warrior but do no damage.
The orc warrior is almost dead.
The orc warrior closely misses you.
You barely miss the orc warrior.
The orc warrior is almost dead.
The orc warrior hits you with a +0 dire flail!
* * * LOW HITPOINT WARNING * * *
You block the orc warrior's attack.
You feel better.
The orc warrior hits you with a +0 dire flail!
You die...

.#####)# ..o....#####
########
########...####
#......# #
###......#####.####.#
# #...........##.# #.#
# #.##...#.##.##.# #.#
# #.##...#.##.##.# #.#
# #.##..o#.oo.(..# #.#
# #.###..####@####
#.##### #
#......####.#####
#.....#
##########...........#
#####.#
.......###..###......#
#.#
.........#...........#
#.#
.......#o#...##......#
#.#
########.#...##......#
#.# #
####........######
###.# #
###.....##.#### #...#


You could see an orc warrior and an orc.

Vanquished Creatures
  Sigmund (D:3)
  An ice beast (D:5)
  A phantom (D:3)
  An ogre (D:5)
  A centaur (D:5)
  A scorpion (D:4)
  A crimson imp (D:5)
  2 hounds
  2 iguanas
  Jessica (D:2)
  A worker ant (D:5)
  Ijyb (D:4)
  A hound skeleton (D:4)
  4 gnolls (D:3)
  6 adders
  3 oozes (Sewer)
  7 worms
  A dart slug (D:3)
  9 leopard geckos
  6 orcs
  8 giant cockroaches
  4 goblins
  6 hobgoblins
  9 jackals
  A quokka (D:4)
  5 ball pythons
  9 bats
  6 frilled lizards
  12 kobolds
  A quokka skeleton (D:4)
  9 rats
121 creatures vanquished.

Notes
Turn   | Place    | Note
-------+----------+-------------------------------------------
     0 | D:1      | Ward the Minotaur Fighter began the quest for the Orb.
     0 | D:1      | Reached XP level 1. HP: 19/19 MP: 0/0
    72 | D:1      | Reached XP level 2. HP: 27/27 MP: 1/1
   829 | D:2      | Reached XP level 3. HP: 33/33 MP: 2/2
  1039 | D:2      | Noticed Jessica
  1045 | D:2      | Killed Jessica
  1045 | D:2      | Reached XP level 4. HP: 23/41 MP: 3/3
  1339 | D:3      | Noticed Sigmund
  1356 | D:3      | Killed Sigmund
  1356 | D:3      | Reached skill level 5 in Axes
  1356 | D:3      | Reached skill level 1 in Dodging
  1356 | D:3      | Reached XP level 5. HP: 10/47 MP: 4/4
  1521 | D:3      | Reached XP level 6. HP: 37/53 MP: 5/5
  1569 | D:3      | Found a bloodstained altar of Trog.
  1766 | D:3      | Reached skill level 5 in Fighting
  1766 | D:3      | Reached skill level 5 in Shields
  2970 | D:4      | Noticed Ijyb
  2986 | D:4      | Killed Ijyb
  3143 | D:4      | Found a staircase to the Ecumenical Temple.
  3149 | Temple   | Entered the Ecumenical Temple
  3374 | Temple   | Became a worshipper of Warmaster Okawaru
  3421 | D:4      | Reached XP level 7. HP: 61/61 MP: 6/6
  4091 | D:5      | Entered Level 5 of the Dungeon
  4300 | D:5      | Found a glowing drain.
  4313 | Sewer    | Entered a sewer
  4513 | Sewer    | Reached skill level 5 in Armour
  6235 | D:5      | Reached XP level 8. HP: 69/69 MP: 7/7
  6724 | D:5      | Slain by an orc warrior

Skill      XL: |  1  2  3  4  5  6  7 |
---------------+----------------------+-----
Shields        | 4 5 6 |  6.5
Fighting       | 4 5 |  5.5
Axes           | 3 5 6 |  6.9
Armour         | 4 5 |  5.8
Dodging        | 1 2 |  2.5
Throwing       | |  0.1
Stealth        | |  0.5

Action                   |  1- 3 |  4- 6 |  7- 9 || total
-------------------------+-------+-------+-------++-------
Melee: War axe           |    70 |   126 |   139 ||   335
       Headbutt          |    15 |    20 |    21 ||    56
Throw: Tomahawk          |       |     7 |       ||     7
  Use: Potion            |       |     3 |     3 ||     6
       Scroll            |       |     2 |       ||     2
  Eat: Chunk             |       |     6 |     8 ||    14
       Ration            |       |     1 |       ||     1
Armor: Scale mail        |    34 |    47 |    83 ||   164
Dodge: Dodged            |    24 |    32 |    70 ||   126
Block: Shield            |    35 |    55 |   109 ||   199
